Map: [ESL] Alcyone

Players

Elazer - Winner!

  • Race: Zerg Zerg
  • Spawn Location: 1:00

Mixu

  • Race: Zerg Zerg
  • Spawn Location: 7:00

Event: ESL Spring 2024 Finals

VOD

Have the link to the VOD?

Description

Time

  • Played on: May 31, 2024, 12:09 p.m.
  • Length: 9:31

All games in this series

Show
View Real Time Build Order
Export as new Build Order

Elazer Zerg - Winner!

Build Orders: Hatch First, Zergling Baneling 

Get SALT Encoding   

  12  0:00  Drone  
  13  0:12  Overlord  
  13  0:17  Drone  
  14  0:30  Drone x2  
  16  0:48  Hatchery  
  15  0:52  Drone  
  15  0:55  Drone  
  17  0:59  Drone  
  18  1:09  Extractor  
  17  1:14  Spawning Pool  
  17  1:17  Drone  
  17  1:20  Drone  
  18  1:28  Drone  
  19  1:39  Drone  
  20  1:50  Drone  
  21  2:00  Queen  
  21  2:01  Drone, Queen  
  26  2:09  Metabolic Boost  
  26  2:12  Overlord  
  26  2:16  Drone  
  26  2:18  Zergling x2  
  28  2:31  Baneling Nest  
  28  2:32  Drone  
  28  2:33  Zergling x4  
  28  2:35  Drone  
  31  2:46  Overlord  
  31  2:47  Drone  
  32  2:52  Hatchery  
  32  2:57  Drone  
  32  3:03  Drone  
  32  3:05  Overlord  
  33  3:08  Zergling x8  
  33  3:11  Zergling x2  
  38  3:14  Zergling x4  
  40  3:22  Zergling x4  
  42  3:33  Queen, Overlord  
  44  3:36  Baneling x2  
  44  3:41  Zergling x10  
  48  3:44  Baneling x2  
  48  3:46  Zergling x4  
  49  3:52  Zergling x6  
  49  3:55  Baneling x2  
  51  3:59  Roach Warren  
  51  4:01  Overlord  
  50  4:05  Baneling  
  50  4:09  Drone x3  
  53  4:15  Drone x2  
  55  4:19  Overlord  
  54  4:29  Drone x5, Overlord  
  54  4:30  Drone  
  57  4:37  Extractor  
  56  4:40  Baneling x2  
  56  4:43  Zergling x10  
  54  4:47  Queen  
  54  4:49  Roach  
  58  4:53  Overlord  
  58  4:55  Roach  
  60  5:00  Roach x3  
  60  5:07  Roach  
  66  5:16  Roach x3  
  66  5:20  Overlord  
  72  5:22  Extractor  
  72  5:25  Drone x7  
  72  5:30  Roach  
  72  5:31  Roach  
  76  5:37  Roach x2  
  79  5:51  Roach x2  
  82  5:59  Zergling x8  
  82  6:00  Overlord  
  82  6:02  Drone x6  
  82  6:03  Drone  
  93  6:11  Roach x2  
  97  6:16  Overlord  
  97  6:18  Lair  
  97  6:21  Drone x2  
  97  6:22  Drone  
  97  6:24  Drone  
  101  6:30  Drone x4  
  105  6:33  Drone  
  105  6:35  Drone x3  
  109  6:44  Roach x2  
  112  6:50  Roach  
  112  6:51  Overlord x2  
  114  6:54  Spine Crawler  
  114  6:57  Spine Crawler  
  114  6:59  Roach  
  114  7:02  Overlord, Evolution Chamber  
  113  7:10  Roach x7  
  113  7:12  Roach  
  129  7:20  Overlord  
  129  7:26  Spine Crawler  
  126  7:32  Roach x2  
  126  7:33  Roach x5  
  126  7:36  Roach x4  
  136  7:43  Roach x5  
  146  7:46  Overlord  
  146  7:50  Overlord  
  144  7:52  Glial Reconstitution  
  144  7:57  Extractor  
  143  8:00  Drone x2  
  143  8:03  Drone  
  143  8:05  Drone  
  147  8:07  Hatchery, Extractor  
  147  8:08  Drone x2  
  147  8:09  Drone  
  148  8:13  Drone  
  148  8:17  Ravager  
  148  8:18  Roach  
  152  8:22  Roach  
  152  8:26  Overlord  
  154  8:27  Overlord  
  154  8:33  Roach x4  
  162  8:39  Overlord  
  162  8:40  Overlord x2  
  162  8:50  Roach x7  
  174  9:03  Roach x5  
  174  9:07  Drone x2  
  174  9:08  Roach x2  
  190  9:12  Roach  
Show
View Real Time Build Order
Export as new Build Order

Mixu Zerg 

Build Orders: Hatch First, Zergling Baneling 

Get SALT Encoding   

  12  0:00  Drone  
  13  0:12  Overlord  
  13  0:16  Drone  
  14  0:30  Drone x2  
  16  0:48  Hatchery  
  15  0:52  Drone  
  15  0:55  Drone  
  17  0:59  Drone  
  18  1:09  Extractor  
  17  1:14  Spawning Pool  
  17  1:17  Drone  
  17  1:20  Drone  
  18  1:28  Drone  
  19  1:41  Drone  
  20  1:52  Drone  
  21  2:00  Queen x2  
  26  2:01  Zergling x2, Overlord  
  26  2:10  Metabolic Boost  
  26  2:14  Drone  
  27  2:17  Drone  
  27  2:21  Drone  
  27  2:22  Drone  
  30  2:41  Overlord, Baneling Nest  
  30  2:42  Drone  
  30  2:44  Zergling x2  
  30  2:45  Zergling x2  
  32  2:56  Zergling x4  
  34  3:00  Hatchery  
  34  3:04  Zergling x2  
  34  3:09  Zergling x2  
  34  3:10  Zergling x6  
  38  3:15  Zergling x4  
  38  3:18  Zergling x2  
  41  3:20  Zergling x2  
  41  3:24  Zergling x2  
  43  3:33  Baneling x6  
  42  3:35  Zergling x4  
  44  3:41  Overlord  
  43  3:51  Queen  
  44  4:01  Overlord  
  44  4:02  Drone x4  
  48  4:04  Zergling x2  
  48  4:07  Baneling x2  
  49  4:11  Zergling x2  
  49  4:16  Roach Warren  
  49  4:18  Zergling x2  
  49  4:24  Zergling x2  
  49  4:25  Zergling x4  
  49  4:29  Zergling x2  
  49  4:30  Zergling x2  
  53  4:40  Zergling x2  
  53  4:41  Zergling x6  
  52  4:47  Zergling x8  
  52  4:48  Baneling  
  52  4:49  Baneling  
  52  4:52  Zergling x2  
  57  4:54  Zergling x2  
  58  5:01  Zergling x6  
  58  5:06  Roach x2  
  64  5:15  Overlord  
  62  5:26  Roach x2  
  64  5:34  Overlord, Roach  
  64  5:35  Roach x3  
  71  5:37  Roach  
  73  5:48  Overlord  
  73  5:55  Roach x2  
  76  5:58  Extractor  
  76  6:02  Roach  
  76  6:03  Zergling x10  
  81  6:07  Overlord  
  80  6:11  Roach  
  80  6:18  Roach  
  84  6:21  Overlord  
  84  6:27  Roach  
  84  6:32  Roach  
  88  6:38  Roach  
  89  6:49  Roach x2  
  89  6:52  Zergling x12  
  99  6:54  Baneling  
  99  6:59  Roach  
  98  7:03  Baneling  
  98  7:07  Roach  
  100  7:09  Overlord  
  100  7:12  Roach  
  102  7:19  Baneling  
  102  7:25  Roach x2  
  106  7:35  Roach x2  
  106  7:36  Drone x3  
  97  7:44  Drone x3  
  97  7:46  Drone  
  97  7:49  Drone  
  102  7:52  Drone x2  
  102  7:58  Drone x2  
  106  8:03  Drone x2  
  106  8:06  Baneling x4  
  106  8:07  Baneling  
  106  8:08  Baneling  
  106  8:13  Drone  
  106  8:15  Evolution Chamber  
  106  8:18  Drone  
  107  8:20  Overlord  
  107  8:22  Drone x2  
  107  8:23  Drone  
  108  8:27  Roach  
  108  8:33  Roach  
  112  8:36  Overlord  
  112  8:38  Extractor  
  111  8:43  Roach x4  
  118  8:50  Overlord  
  118  9:01  Roach x4  
  121  9:10  Extractor  
  121  9:11  Roach  
Tags
 
Add a new tag
Caveats
  • Supply blocks, unpowered buildings, or Contaminate may cause inaccurate times.
  • Supply counts are checked every 10 seconds.